 Dungeon Crawl Stone Soup version 0.29-a0-925-g0a7a3d12f8 (webtiles) character file.

Game seed: 9855353770223807790

43 lesaewzxc the Shooter (level 3, -4/31 HPs)
             Began as a Hill Orc Hunter on July 28, 2022.
             Slain by an orc priest
             ... wielding a +0 club
              (7 damage)
             ... on level 3 of the Dungeon.
             The game lasted 00:10:06 (1159 turns).

lesaewzxc the Shooter (Hill Orc Hunter)             Turns: 1159, Time: 00:10:06

Health: -4/31      AC:  5    Str: 13    XL:     3   Next: 58%
Magic:  3/3        EV: 12    Int: 13    God:
Gold:   66         SH:  0    Dex: 16    Spells: 2/2 levels left

rFire   . . .      SeeInvis .   m - +12 hammer of Analysis {venom, rPois rCorr Int+4}
rCold   . . .      Faith    .   (no shield)
rNeg    . . .      Spirit   .   c - +1 leather armour
rPois   +          Reflect  .   (no helmet)
rElec   .          Harm     +   e - scarf {harm}
rCorr   +          Rampage  .   (no gloves)
Will    .....                   n - +0 pair of boots
Stlth   ++........              (no amulet)
HPRegen 0.10/turn               (no ring)
MPRegen 0.08/turn               (no ring)

@: no status effects
A: no striking features
a: Convert to Beogh


You were on level 3 of the Dungeon.
You visited 1 branch of the dungeon, and saw 3 of its levels.

You collected 66 gold pieces.

Inventory:

Hand Weapons
 a - a +0 shortbow
 m - the +12 hammer of Analysis (weapon) {venom, rPois rCorr Int+4}
   (You found it on level 2 of the Dungeon)

   It poisons the flesh of those it strikes.
   Int:       It affects your intelligence (+4).
   rPois:     It protects you from poison.
   rCorr:     It protects you from acid and corrosion.
Armour
 c - a +1 leather armour (worn)
 e - a scarf of harm (worn)
 n - a +0 pair of boots (worn)
Scrolls
 b - 2 scrolls of immolation
 d - a scroll of fog {unknown}
 f - 2 scrolls of identify {unknown}
 i - a scroll of vulnerability {unknown}
 j - a scroll of enchant weapon {unknown}
Potions
 g - a potion of cancellation {unknown}
 k - a potion of flight {unknown}
 l - a potion of ambrosia {unknown}


   Skills:
 + Level 3.0 Fighting
 + Level 0.1 Maces & Flails
 * Level 4.0 Ranged Weapons
 + Level 2.0 Dodging
 + Level 1.4 Stealth
 + Level 0.0 Summonings
 + Level 0.1 Ice Magic


You had 2 spell levels left.
You didn't know any spells.
Your spell library contained the following spells:

 Spells                   Type           Power      Damage    Failure   Level
 Frozen Ramparts          Ice            0%         1d2       75%         3
 Ice Form                 Ice/Tmut       0%         N/A       98%         4
 Summon Ice Beast         Ice/Summ       0%         N/A       98%         4


Dungeon Overview and Level Annotations

Branches:
Dungeon (3/15)

Altars:


Message History

An orc priest comes into view. It is wielding a +0 club.
The orc wizard casts a spell.
The orc wizard flickers and vanishes!
Deactivating autopickup; reactivate with Ctrl-A.
An orc comes into view. It is wielding a +0 club.
The endoplasm hits you.
The orc shouts!
You hit the endoplasm.
The endoplasm is almost dead.
The endoplasm barely misses you. The orc priest closely misses you.
You hit the endoplasm.
You kill the endoplasm!
The orc priest hits you with a +0 flail.
Your Ranged Weapons skill increases to level 4!
You hit the orc.
The orc is poisoned.
The orc is lightly wounded.
The orc priest miscasts a cantrip.
The orc priest hits you but does no damage.
The orc hits you but does no damage.
The orc priest invokes the aid of Beogh against you.
Pain shoots through your body! The orc barely misses you.
You sock the orc!
You kill the orc!
You hear some strange, mumbled words.
Something tries to affect you, but you resist.
The orc priest barely misses you.
The orc priest looks satisfied for a moment.
The orc priest threatens, "By the altar or by the axe, you will meet Beogh!"
You barely miss the orc priest. The orc priest barely misses you.
The orc priest hits you with a +0 flail!
* * * LOW HITPOINT WARNING * * *
The orc priest shouts, "Surrender to Beogh and we'll let you live!"
You hit the orc priest but do no damage.
The orc priest barely misses you. The orc priest hits you with a +0 club.
* * * LOW HITPOINT WARNING * * *
Okay, then.
It was a potion of magic.
Magic courses through your body. Something hits you.
* * * LOW HITPOINT WARNING * * *
The orc hits you but does no damage. The orc priest hits you with a +0 club.
You die...

#### #. ... ..#
#. .. #.# #. ..
#<# #.#. #.#
#../ # #.#
#..#.# #.#
#####oo#.# #.#
#....o@..# #.#
#.###..######.#
#.........#
##.######## #.#
#.# #.# #.# #.#


You could see 2 orc priests and an orc.

Vanquished Creatures
  An adder (D:2)
  A dart slug (D:1)
  An orc (D:3)
  3 bats
  2 endoplasms
  3 giant cockroaches (D:2)
  4 goblins (D:1)
  A hobgoblin (D:2)
  2 jackals (D:1)
  A quokka (D:1)
  4 frilled lizards
  2 kobolds (D:2)
  5 rats (D:1)
30 creatures vanquished.

Vanquished Creatures (others)
  A plant (D:2)
1 creature vanquished.

Grand Total: 31 creatures vanquished

Notes
Turn   | Place    | Note
-------+----------+-------------------------------------------
     0 | D:1      | lesaewzxc the Hill Orc Hunter began the quest for the Orb.
     0 | D:1      | Reached XP level 1. HP: 18/18 MP: 1/1
   105 | D:1      | Reached skill level 1 in Stealth
   217 | D:1      | Reached XP level 2. HP: 25/25 MP: 2/2
   649 | D:2      | Reached XP level 3. HP: 15/30 MP: 3/3
   906 | D:2      | Identified the +12 hammer of Analysis {venom, rPois rCorr
                  | Int+4}
  1155 | D:3      | Reached skill level 4 in Ranged Weapons
  1159 | D:3      | Slain by an orc priest

Illustrated notes

Levels and vault maps discovered:
D:1:      minmay_arrival_shoal_huts, layout_loops_ring, serial_rivers,
          chequers_serial_rivers_room_a, chequers_serial_rivers_micro_c,
          chequers_serial_rivers_room_b, chequers_serial_rivers_small_3,
          dreamdust_princess_corridor
D:2:      layout_basic, guppyfry_early_lair_pool, uniq_crazy_yiuf_cottage
D:3:      layout_loops_ring, chequers_serial_rivers_micro_c, uniq_ijyb,
          uniq_sigmund

Skill      XL: |  1  2  3 |
---------------+----------+-----
Stealth        | 1 |  1.4
Dodging        | 2 |  2.0
Fighting       | 3 |  3.0
Ranged Weapons | 4 |  4.0
Maces & Flails | |  0.1
Ice Magic      | |  0.1

Action                   || total
-------------------------++-------
Melee: Mace              ||    11
 Fire: Shortbow          ||    66
  Use: Scroll            ||     3
       Potion            ||     2
Armor: Leather armour    ||    16
Dodge: Dodged            ||    27

Table legend: (Time is in decaauts)
 A = Elapsed time spent in this place.
 B = Non-inter-level travel time spent in this place.
 C = Inter-level travel time spent in this place.
 D = Time resting spent in this place.
 E = Time spent auto-exploring this place.
 F = Levels seen in this place.
 G = Mean time per level.
                   A        B        C        D        E       F      G
               +--------+--------+--------+--------+--------+-----+--------+
         Total |   1188 |   1133 |     55 |      0 |    298 |   3 |  396.0 |
       Dungeon |   1188 |   1133 |     55 |      0 |    298 |   3 |  396.0 |
               +--------+--------+--------+--------+--------+-----+--------+

Top non-repeatable levels by time:
     D:1: 629 daAuts
     D:2: 534 daAuts
     D:3: 25 daAuts
